cohdb
Replays
Latest Replays
All Replays
Popular Replays
Top Player Replays
Match Explorer
How It Works
Community
CoH3 Stats
Reddit
Sign in to upload your games and track your stats! →
Sign in with Steam
2v2 double wher equals get double wrecked
Match 7431752
Overview
Messages
Build Orders
End
Construct Section Command Post
Vickers Machine Gun Team
Infantry Section
ML 3-inch Mortar Team
Infantry Section
Construct Field Infirmary
Vickers Machine Gun Team
Grenade Package
Construct Platoon Command Post
Unlock M3 Stuart Light Tanks
Training Center
M3 Stuart Light Tank
Selects Indian Artillery Battlegroup
Selects Artillery Saturation
Selects Off-map Airburst Barrage
Off-map Airburst Barrage
6-pounder Anti-tank Gun Team
6-pounder Anti-tank Gun Team
Infantry Training
Construct Company Command Post
Selects Valour
Selects Gurkha Rifles Section
Selects Volunteer Infantry
Off-map Airburst Barrage
Matilda II Heavy Tank
Nolite
broodwarjc
RaBBBio^
Your Worst Nightmare
0
0
Comments
sign in to comment!
No comments posted yet!